 Dungeon Crawl Stone Soup version 0.30.0-20-g3615ddf2f0 (webtiles) character file.

Game seed: 9537674158669333338

8948 qw the Cleaver (level 11, -4/71 HPs)
             Began as a Gargoyle Fighter on May 28, 2023.
             Slain by an orc warrior
             ... wielding a +0 war axe
              (12 damage)
             ... on level 10 of the Dungeon.
             The game lasted 00:05:16 (9507 turns).

qw the Cleaver (Gargoyle Fighter)                   Turns: 9507, Time: 00:05:16

Health: -4/71      AC: 29    Str: 30    XL:     11   Next: 38%
Magic:  11/11      EV:  8    Int:  9    God:
Gold:   393        SH:  5    Dex:  9    Spells: 10/10 levels left

rFire   + . .        C - +0 broad axe "Rolal" {freeze, rC+ rN+}
rCold   + . .        c - +0 buckler
rNeg    + + .        p - +0 plate armour
rPois   inf          m - +0 helmet
rElec   +            q - +0 cloak
rCorr   .            z - +2 pair of gloves
SInv    .            w - +0 pair of boots
Will    .....        j - amulet of regeneration Stlth
                     g - +6 ring of strength
HPRegen 1.11/turn    o - ring of protection from fire
MPRegen 0.12/turn

%: no passive effects
@: about to teleport, slowed, very slow
A: sickness immunity, AC +8, negative energy resistance 1, electricity
resistance, torment resistance 1, petrification resistance
a: no special abilities


You were on level 10 of the Dungeon.
You visited 2 branches of the dungeon, and saw 11 of its levels.

You collected 537 gold pieces.
You spent 144 gold pieces at shops.


Innate Abilities, Weirdness & Mutations

You are immune to sickness and miasma.
Your stone body is resilient. (AC +8)
You are immune to poison.
You resist negative energy. (rN+)
You are resistant to electric shocks. (rElec)
You are resistant to unholy torment.
You are immune to petrification.


   Skills:
 - Level 9.0 Fighting
 + Level 11.4 Axes
 - Level 3.0 Throwing
 - Level 9.1 Armour
 - Level 2.0 Dodging
 - Level 5.6 Shields


You had 10 spell levels left.
You didn't know any spells.
Your spell library was empty.

Inventory:

Hand Weapons
 a - the +0 war axe "Houluhomn" {flame, rPois rC+ Will+ Stlth+}
   (You acquired it on level 1 of the Dungeon)

   rC:        It protects you from cold.
   rPois:     It protects you from poison.
   Will:      It increases your willpower.
   Stlth:     It makes you more stealthy.
 C - the +0 broad axe "Rolal" (weapon) {freeze, rC+ rN+}
   (You acquired it on level 8 of the Dungeon)

   rC:        It protects you from cold.
   rN:        It protects you from negative energy.
Armour
 c - a +0 buckler (worn)
 m - a +0 helmet (worn)
 p - a +0 plate armour (worn)
 q - a +0 cloak (worn)
 w - a +0 pair of boots (worn)
 z - a +2 pair of gloves (worn)
Jewellery
 g - a +6 ring of strength (left hand)
 j - an amulet of regeneration (around neck)
 o - a ring of protection from fire (right hand)
 B - a ring of fire
 D - a +6 ring of dexterity
Wands
 u - a wand of digging (3)
Scrolls
 b - 2 scrolls of enchant weapon
 i - a scroll of identify
 l - 2 scrolls of teleportation
 y - a scroll of brand weapon
Potions
 d - 3 potions of might
 e - a potion of lignification
 f - 6 potions of curing
 h - 2 potions of haste
 k - a potion of mutation
 s - a potion of cancellation {unknown}
 t - a potion of attraction {unknown}
 x - a potion of heal wounds {unknown}

Dungeon Overview and Level Annotations

Branches:
Dungeon (10/15)            Temple (1/1) D:4            Lair (0/5) D:9
    Orc (0/2) D:9

Altars:
Ashenzari
Cheibriados
Dithmenos
Elyvilon
Fedhas
Gozag
Hepliaklqana
Kikubaaqudgha
Makhleb
Nemelex Xobeh
Qazlal
Ru
Sif Muna
Trog
Uskayaw
Vehumet
Wu Jian
Xom
Yredelemnul
Zin
The Shining One

Shops:
D:1 *   D:3 *   D:7 [*

Annotations:
D:7 3 runed translucent doors, qw's ghost, novice GrFi
D:10 exclusion: electric eel


Message History

You hit the orc warrior but do no damage.
The orc warrior is moderately wounded.
You slash the orc wizard! You freeze the orc wizard. You hit the wraith.
The orc warrior hits you but does no damage.
The wraith hits you but does no damage.
The orc wizard hits you but does no damage.
The orc wizard closely misses you. The wraith hits you.
The wraith drains your vigour!
You feel as though you will be slow longer.
The orc warrior completely misses you.
You slice the orc wizard!! You freeze the orc wizard.
You kill the orc wizard!
You hit the orc warrior. You freeze the orc warrior.
You barely miss the wraith.
The orc warrior hits you with a +0 war axe.
The wraith misses you.
You hit the orc warrior but do no damage.
The orc warrior is moderately wounded.
You barely miss the wraith.
The orc warrior hits you but does no damage.
The wraith hits you! The wraith drains your vigour!
You feel as though you will be slow longer.
You block the orc warrior's attack. You block the wraith's attack.
9505 ||| READING 3 scrolls of teleportation.
As you read the scroll of teleportation, it crumbles to dust.
You feel strangely unstable.
The orc warrior hits you but does no damage.
The wraith hits you but does no damage.
You barely miss the orc warrior.
The orc warrior is moderately wounded.
You hit the wraith but do no damage.
The orc warrior hits you with a +0 war axe.
The wraith hits you but does no damage.
The orc warrior hits you but does no damage.
The wraith hits you! The wraith drains your vigour!
You feel as though you will be slow longer.
You hit the orc warrior but do no damage.
The orc warrior is moderately wounded.
You closely miss the wraith.
The orc warrior hits you with a +0 war axe!
You die... #....~~ .. #....~~ ... #))..~~ .... #.)..~~ ....# #.....~ ..o## #.....~ oWW

#.....~ #o##
#.....~
#W@#####
#.....~
......#.)...#
#.....~ .....
#####.#
#.....~ ....
#.# #.....~
... #.####
#.....~ ..
#....###.....~
.
##.....#.....~
~~
#.....#....~~
..~
#..........~~


You could see 3 wraiths, an orc warrior, an orc wizard and an orc.

Vanquished Creatures
  Josephine (D:10)
  Joseph (D:9)
  2 kobold demonologists (D:10)
  Maggie (D:9)
  A komodo dragon (D:9)
  A troll (D:9)
  2 hornets
  Grinder (D:3)
  2 wraiths (D:10)
  A vampire (D:9)
  Eustachio (D:4)
  A steam dragon (D:6)
  5 water moccasins
  Duvessa (D:4)
  A black bear (D:7)
  A swamp drake (D:9)
  A sky beast (D:8)
  12 ice beasts
  4 orc warriors (D:9)
  2 ogres
  A phantom (D:6)
  4 kobold brigands
  3 bullfrogs
  A gnoll sergeant (D:9)
  12 wights
  Dowan (D:4)
  6 killer bees (D:8)
  3 electric eels (D:10)
  3 howler monkeys (D:8)
  3 hounds
  A jelly (D:6)
  A gnoll bouda (D:9)
  4 orc priests
  A sleepcap (D:8)
  Ijyb (D:3)
  6 iguanas
  12 orc wizards
  10 gnolls
  8 adders
  A river rat (D:5)
  2 white imps (D:6)
  2 worms (D:5)
  5 dart slugs
  41 orcs
  8 ball pythons
  6 endoplasms
  3 giant cockroaches
  14 goblins
  8 hobgoblins
  2 quokkas
  8 bats
  3 frilled lizards
  24 kobolds
  8 rats
258 creatures vanquished.

Vanquished Creatures (others)
  An iguana (D:6)
  3 kobolds (D:10)
4 creatures vanquished.

Grand Total: 262 creatures vanquished

Notes
Turn   | Place    | Note
-------+----------+-------------------------------------------
     0 | D:1      | qw the Gargoyle Fighter began the quest for the Orb.
     0 | D:1      | Reached XP level 1. HP: 14/14 MP: 1/1
     0 | D:1      | 0 ||| qw: Version: 0.2-a-100-g7972860
     0 | D:1      | 0 ||| qw: Game counter: 240
     0 | D:1      | 0 ||| qw: Always use a shield: true
     0 | D:1      | 0 ||| qw: God list: Okawaru
     0 | D:1      | 0 ||| qw: Allow faded altars: false
     0 | D:1      | 0 ||| qw: Do Orc after D:15 true
     0 | D:1      | 0 ||| qw: Do second Lair branch before Depths: true
     0 | D:1      | 0 ||| qw: Lair rune preference: random
     0 | D:1      | 0 ||| qw: Plans: Normal, Zot:1-4, Slime:5, God:TSO, Crypt,
                  | Tomb, Pan, Hells, Abyss, Win
     0 | D:1      | 0 ||| PLANNING D:1-11
   119 | D:1      | Reached skill level 2 in Axes
   187 | D:1      | Reached XP level 2. HP: 19/19 MP: 2/2
   221 | D:1      | 221 ||| Stepping ~*~*~tactically~*~*~ (hiding).
   223 | D:1      | 223 ||| Stepping ~*~*~tactically~*~*~ (hiding).
   224 | D:1      | 224 ||| Stepping ~*~*~tactically~*~*~ (hiding).
   698 | D:1      | Found Xidwuvy's Assorted Antiques.
   712 | D:1      | 712 ||| SHOPLISTING lead wand (80 gold, have 16).
   712 | D:1      | 712 ||| SHOPLISTING potion of might (80 gold, have 16).
   712 | D:1      | 712 ||| SHOPLISTING scroll labelled ACZAGE RENI (20 gold,
                  | have 16).
   712 | D:1      | 712 ||| SHOPLISTING scroll labelled FUVIDO BIFE (20 gold,
                  | have 16).
   712 | D:1      | 712 ||| SHOPLISTING scroll labelled GECUDWO FOOCEI (20
                  | gold, have 16).
   712 | D:1      | 712 ||| SHOPLISTING sedimented white potion (18 gold, have
                  | 16).
   788 | D:1      | Reached skill level 3 in Axes
   933 | D:1      | 933 ||| UPGRADING to +6 ring of strength.
   934 | D:1      | 934 ||| READING scroll labelled REIBUKIPIO.
   935 | D:1      | 935 ||| READING scroll labelled PAFUMPIHUR.
   935 | D:1      | Identified a scroll of acquirement
   935 | D:1      | 935 ||| ACQUIRING +0 war axe "Houluhomn" {flame, rPois rC+
                  | Will+ Stlth+}
   935 | D:1      | Acquired the +0 war axe "Houluhomn" {flame, rPois rC+ Will+
                  | Stlth+}
   937 | D:1      | 937 ||| SWAPPING to +0 war axe "Houluhomn" {flame, rPois
                  | rC+ Will+ Stlth+}.
   938 | D:1      | 938 ||| DROPPING +0 club.
   939 | D:1      | 939 ||| DROPPING +0 war axe.
   940 | D:1      | 940 ||| DRINKING 2 glowing dark potions.
  1015 | D:2      | Found a glowing silver altar of Zin.
  1035 | D:2      | Reached XP level 3. HP: 23/23 MP: 3/3
  1100 | D:2      | Found a faded altar of an unknown god.
  1145 | D:2      | 1145 ||| Stepping ~*~*~tactically~*~*~ (stealth).
  1160 | D:2      | 1160 ||| Stepping ~*~*~tactically~*~*~ (hiding).
  1256 | D:2      | 1256 ||| Stepping ~*~*~tactically~*~*~ (hiding).
  1257 | D:2      | 1257 ||| Stepping ~*~*~tactically~*~*~ (hiding).
  1696 | D:2      | 1696 ||| READING 2 scrolls labelled ACZAGE RENI.
  1697 | D:2      | 1697 ||| READING scroll labelled KOREWK VERUAT.
  1756 | D:3      | Reached XP level 4. HP: 28/28 MP: 4/4
  1830 | D:3      | Noticed Ijyb
  1831 | D:3      | 1831 ||| Stepping ~*~*~tactically~*~*~ (stealth).
  1833 | D:3      | 1833 ||| Stepping ~*~*~tactically~*~*~ (hiding).
  1842 | D:3      | Reached skill level 4 in Axes
  1849 | D:3      | 1849 ||| Stepping ~*~*~tactically~*~*~ (stealth).
  1853 | D:3      | 1853 ||| Stepping ~*~*~tactically~*~*~ (stealth).
  1889 | D:3      | Killed Ijyb
  1890 | D:3      | Reached XP level 5. HP: 26/32 MP: 5/5
  1949 | D:3      | 1949 ||| Stepping ~*~*~tactically~*~*~ (stealth).
  1990 | D:3      | 1990 ||| Stepping ~*~*~tactically~*~*~ (stealth).
  1992 | D:3      | 1992 ||| Stepping ~*~*~tactically~*~*~ (stealth).
  2023 | D:3      | Found Woxuog's Assorted Antiques.
  2029 | D:3      | 2029 ||| BUYING fuming dark potion (20 gold).
  2029 | D:3      | Bought a fuming dark potion for 20 gold pieces
  2029 | D:3      | 2029 ||| BUYING fuming emerald potion (20 gold).
  2029 | D:3      | Bought a fuming emerald potion for 20 gold pieces
  2029 | D:3      | 2029 ||| BUYING scroll labelled ERECSA YTZO (23 gold).
  2029 | D:3      | Bought a scroll labelled ERECSA YTZO for 23 gold pieces
  2029 | D:3      | 2029 ||| BUYING scroll labelled GECUDWO FOOCEI (23 gold).
  2029 | D:3      | Bought a scroll labelled GECUDWO FOOCEI for 23 gold pieces
  2029 | D:3      | 2029 ||| SHOPLISTING scroll of identify (46 gold, have 3).
  2241 | D:3      | Noticed Grinder
  2249 | D:3      | Killed Grinder
  2250 | D:3      | Reached skill level 6 in Axes
  2250 | D:3      | Reached XP level 6. HP: 20/37 MP: 6/6
  2742 | D:3      | 2742 ||| UPGRADING to +0 helmet.
  2747 | D:3      | 2747 ||| UPGRADING to +0 chain mail.
  2757 | D:3      | 2757 ||| DROPPING +0 scale mail.
  2758 | D:3      | 2758 ||| READING 3 scrolls labelled GECUDWO FOOCEI.
  2763 | D:3      | 2763 ||| READING scroll labelled RAADIH YHURGH.
  2764 | D:3      | 2764 ||| READING scroll labelled ERECSA YTZO.
  2765 | D:3      | 2765 ||| READING scroll labelled FAWNEB YTANAF.
  2766 | D:3      | 2766 ||| READING scroll labelled DYSAZETIODD.
  2767 | D:3      | 2767 ||| DRINKING 2 fuming emerald potions.
  2768 | D:3      | 2768 ||| DRINKING 2 potions of curing.
  2768 | D:3      | 2768 ||| (to cure confusion)
  2769 | D:3      | 2769 ||| DROPPING potion of ambrosia.
  2796 | D:4      | Noticed Eustachio
  2883 | D:4      | Killed Eustachio
  2884 | D:4      | Reached XP level 7. HP: 44/44 MP: 7/7
  2956 | D:4      | Noticed Duvessa
  2956 | D:4      | Noticed Dowan
  2957 | D:4      | 2957 ||| Stepping ~*~*~tactically~*~*~ (stealth).
  2964 | D:4      | Killed Duvessa
  2965 | D:4      | Reached skill level 1 in Dodging
  2968 | D:4      | 2968 ||| Stepping ~*~*~tactically~*~*~ (hiding).
  2969 | D:4      | 2969 ||| Stepping ~*~*~tactically~*~*~ (hiding).
  2972 | D:4      | HP: 5/44 [Dowan/stone arrow (11)]
  2973 | D:4      | 2973 ||| READING 2 scrolls of teleportation.
  2974 | D:4      | 2974 ||| Stepping ~*~*~tactically~*~*~ (hiding).
  3180 | D:4      | You fall into a shaft and drop 2 floors!
  3291 | D:6      | 3291 ||| Stepping ~*~*~tactically~*~*~ (hiding).
  3331 | D:6      | 3331 ||| Stepping ~*~*~tactically~*~*~ (hiding).
  3393 | D:6      | Noticed a steam dragon
  3394 | D:6      | HP: 11/44 [steam dragon] (14)]
  3395 | D:6      | 3395 ||| READING 2 scrolls of teleportation.
  3397 | D:6      | HP: 4/44 [something] (8)]
  3565 | D:6      | 3565 ||| FLEEEEING.
  3566 | D:6      | 3566 ||| FLEEEEING.
  3567 | D:6      | 3567 ||| FLEEEEING.
  3568 | D:6      | 3568 ||| FLEEEEING.
  3569 | D:6      | 3569 ||| FLEEEEING.
  3570 | D:6      | 3570 ||| FLEEEEING.
  3577 | D:6      | 3577 ||| STAIRDANCE
  3578 | D:5      | Entered Level 5 of the Dungeon
  3579 | D:5      | 3579 ||| PLANNING SEWER
  3650 | D:5      | Reached skill level 7 in Axes
  3690 | D:5      | 3690 ||| Stepping ~*~*~tactically~*~*~ (hiding).
  3703 | D:5      | Reached XP level 8. HP: 34/49 MP: 8/8
  3704 | D:5      | Reached skill level 1 in Throwing
  4330 | D:5      | 4330 ||| Stepping ~*~*~tactically~*~*~ (stealth).
  4331 | D:5      | 4331 ||| Stepping ~*~*~tactically~*~*~ (stealth).
  4332 | D:5      | 4332 ||| Stepping ~*~*~tactically~*~*~ (stealth).
  4333 | D:5      | 4333 ||| Stepping ~*~*~tactically~*~*~ (stealth).
  4357 | D:5      | 4357 ||| RIP SEWER
  4366 | D:5      | 4366 ||| PLANNING D:1-11
  4366 | D:5      | 4366 ||| UPGRADING to +0 cloak.
  4371 | D:5      | 4371 ||| UPGRADING to ring of protection from fire.
  4372 | D:5      | 4372 ||| READING scroll labelled ESHIUX ROFI.
  4373 | D:5      | 4373 ||| DRINKING 3 brown potions.
  4374 | D:5      | 4374 ||| READING 2 scrolls of identify.
  4374 | D:5      | 4374 ||| IDENTIFYING sedimented white potion
  4375 | D:5      | 4375 ||| DROPPING 2 potions of brilliance.
  4736 | D:4      | Found a staircase to the Ecumenical Temple.
  4737 | D:4      | 4737 ||| PLANNING TEMPLE
  4746 | Temple   | Entered the Ecumenical Temple
  4880 | Temple   | 4880 ||| PLANNING D:1-11
  4956 | D:4      | Killed Dowan
  5298 | D:5      | Reached skill level 8 in Axes
  5673 | D:6      | Reached skill level 6 in Fighting
  5757 | D:6      | 5757 ||| Stepping ~*~*~tactically~*~*~ (stealth).
  5758 | D:6      | 5758 ||| Stepping ~*~*~tactically~*~*~ (stealth).
  5785 | D:6      | 5785 ||| Stepping ~*~*~tactically~*~*~ (stealth).
  6043 | D:6      | 6043 ||| Stepping ~*~*~tactically~*~*~ (hiding).
  6044 | D:6      | 6044 ||| Stepping ~*~*~tactically~*~*~ (hiding).
  6183 | D:6      | 6183 ||| UPGRADING to amulet of regeneration.
  6188 | D:6      | 6188 ||| READING scroll labelled FUVIDO BIFE.
  6255 | D:7      | Reached XP level 9. HP: 55/55 MP: 9/9
  6324 | D:7      | Found a runed translucent gate.
  6324 | D:7      | Noticed qw's ghost (novice GrFi)
  6325 | D:7      | Found a runed translucent gate.
  6326 | D:7      | Found a runed translucent gate.
  6326 | D:7      | Identified the +0 plate armour of the Learner {rPois
                  | Slay+5}
  6337 | D:7      | 6337 ||| Stepping ~*~*~tactically~*~*~ (hiding).
  6362 | D:7      | Reached skill level 9 in Axes
  6694 | D:7      | Found a burning altar of Makhleb.
  6697 | D:7      | Found a sacrificial altar of Ru.
  6697 | D:7      | Found a shimmering blue altar of Sif Muna.
  6709 | D:7      | Found a shimmering altar of Xom.
  6709 | D:7      | Found an opulent altar of Gozag.
  6721 | D:7      | Found a glowing golden altar of the Shining One.
  6721 | D:7      | Found a white marble altar of Elyvilon.
  6762 | D:7      | Found Tipidedgh's Armour Boutique.
  6772 | D:7      | 6772 ||| SHOPLISTING +0 pair of boots of Teiforih {rC+
                  | Will++ Int-3} (340 gold, have 261).
  6772 | D:7      | 6772 ||| BUYING +0 pair of gloves (58 gold).
  6772 | D:7      | Bought a +0 pair of gloves for 58 gold pieces
  6823 | D:7      | Found Zesicaysi's Overcharged Wands.
  7068 | D:7      | 7068 ||| UPGRADING to +0 pair of boots.
  7073 | D:7      | 7073 ||| UPGRADING to +0 pair of gloves.
  7078 | D:7      | 7078 ||| UPGRADING to +2 chain mail of positive energy.
  7088 | D:7      | 7088 ||| DROPPING +0 chain mail.
  7089 | D:7      | 7089 ||| READING scroll labelled PAKKAS TATAN.
  7090 | D:7      | 7090 ||| DRINKING 2 pink potions.
  7143 | D:8      | 7143 ||| Stepping ~*~*~tactically~*~*~ (stealth).
  7145 | D:8      | 7145 ||| Stepping ~*~*~tactically~*~*~ (stealth).
  7214 | D:8      | Reached skill level 10 in Axes
  7225 | D:8      | 7225 ||| Stepping ~*~*~tactically~*~*~ (stealth).
  7260 | D:8      | 7260 ||| Stepping ~*~*~tactically~*~*~ (stealth).
  7261 | D:8      | 7261 ||| Stepping ~*~*~tactically~*~*~ (stealth).
  7262 | D:8      | 7262 ||| Stepping ~*~*~tactically~*~*~ (stealth).
  7269 | D:8      | Reached skill level 6 in Armour
  7269 | D:8      | Reached XP level 10. HP: 63/63 MP: 10/10
  7515 | D:8      | 7515 ||| READING scroll of acquirement.
  7515 | D:8      | 7515 ||| ACQUIRING +0 broad axe "Rolal" {freeze, rC+ rN+}
  7515 | D:8      | Acquired the +0 broad axe "Rolal" {freeze, rC+ rN+}
  7517 | D:8      | 7517 ||| SWAPPING to +0 broad axe "Rolal" {freeze, rC+
                  | rN+}.
  7634 | D:8      | 7634 ||| READING scroll of enchant armour.
  7634 | D:8      | 7634 ||| ENCHANTING +0 pair of gloves.
  8137 | D:8      | 8137 ||| DROPPING ring of willpower.
  8138 | D:8      | 8138 ||| READING scroll labelled MUPPEYS TAYMNU.
  8149 | D:9      | 8149 ||| READING scroll of enchant armour.
  8149 | D:9      | 8149 ||| ENCHANTING +1 pair of gloves.
  8182 | D:9      | Found a staircase to the Lair.
  8266 | D:9      | 8266 ||| Stepping ~*~*~tactically~*~*~ (hiding).
  8356 | D:9      | 8356 ||| Stepping ~*~*~tactically~*~*~ (hiding).
  8373 | D:9      | 8373 ||| Stepping ~*~*~tactically~*~*~ (hiding).
  8389 | D:9      | 8389 ||| Stepping ~*~*~tactically~*~*~ (stealth).
  8395 | D:9      | Reached skill level 3 in Throwing
  8479 | D:9      | 8479 ||| Stepping ~*~*~tactically~*~*~ (hiding).
  8483 | D:9      | 8483 ||| Stepping ~*~*~tactically~*~*~ (stealth).
  8484 | D:9      | 8484 ||| Stepping ~*~*~tactically~*~*~ (stealth).
  8518 | D:9      | 8518 ||| DRINKING 7 potions of curing.
  8518 | D:9      | 8518 ||| (to cure confusion)
  8546 | D:9      | Noticed Joseph
  8562 | D:9      | Killed Joseph
  8572 | D:9      | 8572 ||| FLEEEEING.
  8573 | D:9      | 8573 ||| FLEEEEING.
  8574 | D:9      | 8574 ||| FLEEEEING.
  8575 | D:9      | 8575 ||| FLEEEEING.
  8576 | D:9      | 8576 ||| FLEEEEING.
  8577 | D:9      | 8577 ||| FLEEEEING.
  8578 | D:9      | 8578 ||| FLEEEEING.
  8579 | D:9      | 8579 ||| FLEEEEING.
  8580 | D:9      | 8580 ||| FLEEEEING.
  8595 | D:9      | Found a staircase to the Orcish Mines.
  8694 | D:9      | 8694 ||| Stepping ~*~*~tactically~*~*~ (stealth).
  8696 | D:9      | 8696 ||| Stepping ~*~*~tactically~*~*~ (stealth).
  8698 | D:9      | 8698 ||| FLEEEEING.
  8699 | D:9      | 8699 ||| FLEEEEING.
  8700 | D:9      | 8700 ||| FLEEEEING.
  8701 | D:9      | 8701 ||| FLEEEEING.
  8702 | D:9      | 8702 ||| FLEEEEING.
  8703 | D:9      | 8703 ||| FLEEEEING.
  8704 | D:9      | 8704 ||| FLEEEEING.
  8726 | D:9      | Reached skill level 11 in Axes
  8865 | D:9      | 8865 ||| DRINKING 7 potions of curing.
  8865 | D:9      | 8865 ||| (to cure confusion)
  8890 | D:9      | Noticed Maggie
  8896 | D:9      | Killed Maggie
  9000 | D:9      | Found a snail-covered altar of Cheibriados.
  9089 | D:9      | 9089 ||| UPGRADING to +0 plate armour.
  9099 | D:9      | 9099 ||| DROPPING +2 chain mail of positive energy.
  9100 | D:9      | 9100 ||| DROPPING ring of wizardry.
  9101 | D:9      | 9101 ||| READING scroll labelled AWITEO ICEU.
  9202 | D:9      | 9202 ||| READING 3 scrolls of identify.
  9202 | D:9      | 9202 ||| IDENTIFYING golden potion
  9203 | D:9      | 9203 ||| READING 2 scrolls of identify.
  9203 | D:9      | 9203 ||| IDENTIFYING murky blue potion
  9204 | D:9      | 9204 ||| DROPPING potion of degeneration.
  9205 | D:9      | 9205 ||| DROPPING potion of invisibility.
  9213 | D:10     | Entered Level 10 of the Dungeon
  9301 | D:10     | Reached XP level 11. HP: 68/68 MP: 11/11
  9335 | D:10     | Reached skill level 9 in Fighting
  9386 | D:10     | Noticed a sixfirhy
  9412 | D:10     | Reached skill level 9 in Armour
  9477 | D:10     | Noticed Josephine
  9491 | D:10     | Killed Josephine
  9504 | D:10     | HP: 15/71 [wraith[Josephine] (8)]
  9505 | D:10     | 9505 ||| READING 3 scrolls of teleportation.
  9506 | D:10     | HP: 6/71 [wraith[Josephine] (10)]
  9507 | D:10     | Slain by an orc warrior

Levels and vault maps discovered:
D:1:      scummos_arrival_simple_crosswalls, layout_loops_corners, serial_shops,
          nicolae_shop_overgrown_old_shop
D:2:      layout_basic, basic_altar, shapermc_ecumenical_altar_acropolis
D:3:      cheibrodos_old_hovel, layout_loops_ring, serial_shops,
          nicolae_shop_just_a_little_nook, roderic_lattice_a,
          minmay_misc_feat_room, minivault_26, kennysheep_doodads,
          nicolae_goblin_pals, uniq_grinder
D:4:      layout_gridville, minmay_temple_entry_poolview, uniq_duvessa,
          uniq_eustachio
D:5:      layout_layer_cave, gup_sewer_entry_bubbles
D:6:      layout_basic
D:7:      layout_gridville, grunt_temple_overflow_open, serial_shops,
          kennysheep_mini, biasface_ghost_orc_armoury,
          nicolae_shop_overcharged_wands
D:8:      layout_layer_cave
D:9:      layout_loops_ring, kennysheep_slug_shrine, david_lair_shrubbed,
          erik_orc_1, uniq_joseph, uniq_maggie
D:10:     minmay_twisted_water, layout_basic,
          mainiacjoe_overflow_concentric_impassable, uniq_josephine
Temple:   hellmonk_temple_forest_ring

Skill      XL: |  1  2  3  4  5  6  7  8  9 10 11 |
---------------+----------------------------------+-----
Axes           | 2 3 4 6 7 8 10 11 | 11.4
Fighting       | 4 5 6 7 8 9 |  9.0
Dodging        | 1 2 |  2.0
Throwing       | 2 3 |  3.0
Armour         | 4 6 8 9 |  9.1
Shields        | 4 5 |  5.6

Action                     |  1- 3 |  4- 6 |  7- 9 | 10-12 || total
---------------------------+-------+-------+-------+-------++-------
  Melee: War axe           |   101 |   107 |   289 |    24 ||   521
         Broad axe         |       |       |       |   259 ||   259
  Throw: Boomerang         |       |       |    39 |    33 ||    72
         Javelin           |       |       |    58 |    12 ||    70
    Use: Scroll            |     4 |     5 |     6 |     8 ||    23
         Potion            |     1 |     2 |     2 |     2 ||     7
   Stab: Confused          |       |       |       |     1 ||     1
 Armour: Scale mail        |    50 |    28 |       |       ||    78
         Chain mail        |       |    61 |   167 |   107 ||   335
         Plate armour      |       |       |       |    95 ||    95
  Dodge: Dodged            |    45 |    45 |   118 |   114 ||   322
  Block: Buckler           |    15 |    24 |    50 |    61 ||   150

Table legend:
 A = Non-vault XP
 B = Vault XP
 C = Vault XP percentage of total XP
 D = Non-vault monster count
 E = Vault monster count
 F = Vault count percentage of total count
                 A         B        C        D         E       F
            +---------+---------+-------+---------+---------+-------
      Total |    7491 |    5293 |  41.4 |     205 |      53 |  20.5
            +---------+---------+-------+---------+---------+-------
        D:1 |      30 |       0 |   0.0 |      18 |       0 |   0.0
        D:2 |      48 |       0 |   0.0 |      20 |       0 |   0.0
        D:3 |     110 |     333 |  75.2 |      16 |       8 |  33.3
        D:4 |     268 |     408 |  60.4 |      19 |       3 |  13.6
        D:5 |     483 |      41 |   7.8 |      19 |       7 |  26.9
        D:6 |     591 |       0 |   0.0 |      16 |       0 |   0.0
        D:7 |    1533 |       0 |   0.0 |      34 |       0 |   0.0
        D:8 |    1474 |       0 |   0.0 |      24 |       0 |   0.0
        D:9 |    1591 |    1732 |  52.1 |      26 |      21 |  44.7
       D:10 |    1363 |    2779 |  67.1 |      13 |      14 |  51.9
            +---------+---------+-------+---------+---------+-------
